 Dungeon Crawl Stone Soup version 0.18-a0-1539-g1c7284a (webtiles) character file.

21 ololoev the Magician (level 2, -1/21 HPs)
             Began as a Mummy Wanderer on Mar 9, 2016.
             Slain by a jackal (3 damage)
             ... on level 1 of the Dungeon.
             The game lasted 00:02:48 (898 turns).

ololoev the Magician (Mummy Wanderer)                Turns: 898, Time: 00:02:48

Health: -1/21      AC:  5    Str: 13    XL:     2   Next: 65%
Magic:  5/5        EV:  7    Int: 10    God:
Gold:   34         SH:  7    Dex: 14    Spells: 1 memorised, 4 levels left

rFire  x . .     SeeInvis .     d - +0 dagger
rCold  + . .     Gourm    .     b - +0 ring mail
rNeg   + + +     Faith    .     a - +0 shield
rPois  ∞         Spirit   .     (no helmet)
rElec  .         Dismiss  .     (no cloak)
rCorr  .         Reflect  .     (no gloves)
SustAt .         Harm     .     (no boots)
MR     .....                    (no amulet)
Stlth  +.........               (no ring)
                                (no ring)

@: not resistant to hostile enchantments, very unstealthy
A: no food or potions, fire vulnerability, cold resistance 1, negative energy
resistance 3, torment resistance, unbreathing
a: no special abilities


Innate Abilities, Weirdness & Mutations

You do not eat or drink.
Your flesh is vulnerable to fire.
You are immune to poison.
Your flesh is cold resistant.
You are immune to negative energy.
You are immune to unholy pain and torment.
You can survive without breathing.

Inventory:

Hand Weapons
 d - a +0 dagger (weapon)
 f - a +0 club
Armour
 a - a +0 shield (worn)
 b - a +0 ring mail (worn)
Books
 c - the Compendium of Sinister Secrets

   Spells                             Type                      Level
   a - Pain                           Necromancy                   1
   b - Vampiric Draining              Necromancy                   3


   Skills:
 - Level 1.0 Fighting
 * Level 1.4 Maces & Flails
 - Level 1.0 Throwing
 - Level 1.0 Armour
 - Level 1.0 Shields
 + Level 2.3 Spellcasting
   Level 1.5 Conjurations
 * Level 1.9 Necromancy


You had 4 spell levels left.
You knew the following spells:

 Your Spells              Type           Power        Failure   Level  Hunger
a - Pain                  Necr           #...         99%         1    N/A


You were on level 1 of the Dungeon.
You were not hungry.

You visited 1 branch of the dungeon, and saw 1 of its levels.

You collected 34 gold pieces.

...########.###.#
# ##.# #.# #.# #
##.## #.# #.# #
....# #.# #.# #
##..# #.# #.# #
##..# #.# #.# #
##.)# #.# #.#
##### ##..# #.#
#.###...# ##..#
#.@h..#.# # #
##..#
#####.#K#### .##
# )...##
..#l...#...# #
###..#
#######.l.# #
##.# #!..)#....#
# #.# #....#
....## #.# #.##.#
#..# #.# ... #.#
## # #.# ##h #.#

Notes
Turn   | Place    | Note
--------------------------------------------------------------
     0 | D:1      | ololoev the Mummy Wanderer began the quest for the Orb.
     0 | D:1      | ololoev set off with: a +0 shield, a +0 ring mail, the Compendium of Sinister Secrets, a +0 dagger
     0 | D:1      | Reached XP level 1. HP: 15/15 MP: 3/3
     0 | D:1      | Identified the Compendium of Sinister Secrets
     2 | D:1      | Learned a level 1 spell: Pain
   297 | D:1      | Reached XP level 2. HP: 21/21 MP: 5/5
   898 | D:1      | Slain by a jackal

Dungeon Overview and Level Annotations

Branches:
Dungeon (1/15)

Altars:


Message History

The giant newt misses you.
You miss the giant newt.
The giant newt is heavily wounded.
The giant newt bites you but does no damage.
Your shield and ring mail prevent you from hitting the giant newt.
The giant newt is heavily wounded.
You block the giant newt's attack.
You hit the giant newt.
You kill the giant newt!
The jackal bites you.
You hit the jackal.
The jackal is lightly wounded.
The jackal bites you but does no damage. x2
You hit the jackal but do no damage.
The jackal is lightly wounded.
The jackal bites you but does no damage.
You hit the jackal.
The jackal is moderately wounded.
You block the jackal's attack. x2
You miss the jackal.
The jackal is moderately wounded.
You block the jackal's attack.
You closely miss the jackal.
The jackal is moderately wounded.
The jackal bites you but does no damage.
You block the jackal's attack.
You closely miss the jackal.
The jackal is lightly wounded.
The jackal bites you but does no damage.
You closely miss the jackal.
The jackal is lightly wounded.
You block the jackal's attack.
The jackal bites you but does no damage.
You hit the jackal but do no damage.
The jackal is lightly wounded.
The jackal closely misses you.
You miss the jackal.
The jackal is lightly wounded.
The jackal bites you. x2
You die...

You could see a jackal.

Vanquished Creatures
  A dart slug (D:1)
  A ball python (D:1)
  A bat (D:1)
  3 giant cockroaches (D:1)
  A hobgoblin (D:1)
  2 jackals (D:1)
  3 kobolds (D:1)
  A giant newt (D:1)
  4 rats (D:1)
17 creatures vanquished.

Action                   || total
-------------------------++-------
Melee: Dagger            ||   131
  Use: Scroll            ||     1

Vault maps used:
D:1:      minmay_arrival_wavy_path
